 Dungeon Crawl Stone Soup version 0.17.0-57-g0e89251 (webtiles) character file.

564 HandofTrog the Cudgeler (level 7, -2/70 HPs)
             Began as a Troll Berserker on Dec 7, 2015.
             Was a Priest of Trog.
             Killed by divine providence
             ... invoked by an orc priest
              (10 damage)
             ... on level 5 of the Dungeon.
             The game lasted 00:13:47 (3682 turns).

HandofTrog the Cudgeler (Troll Berserker)           Turns: 3682, Time: 00:13:47

Health: -2/70      AC:  8    Str: 31    XL:     7   Next: 10%
Magic:  6/6        EV: 11    Int:  9    God:    Trog [***...]
Gold:   244        SH:  0    Dex: 10    Spells: 0 memorised, 6 levels left

rFire  . . .     SeeInvis .     a - +0 mace
rCold  . . .     Clarity  .     q - +2 robe {Archmagi}
rNeg   + . .     SustAt   .     (no shield)
rPois  .         Gourm    +     (helmet restricted)
rElec  .         Spirit   .     i - +0 cloak
rCorr  .         Warding  +     (gloves unavailable)
rMut   .         Stasis   .     (boots unavailable)
MR     .....                    y - amulet of warding
Stlth  +.........               (no ring)
                                w - +5 ring of intelligence

@: mighty, exhausted, slowed, very slow, not resistant to hostile enchantments,
very unstealthy
A: unfitting armour, claws 3, fast metabolism 3, gourmand, regeneration 2,
shaggy fur 1, tough skin 2
a: Berserk, Trog's Hand, Burn Spellbooks, Renounce Religion


You were on level 5 of the Dungeon.
You worshipped Trog.
Trog was most pleased with you.
You were not hungry.

You visited 1 branch of the dungeon, and saw 5 of its levels.

You collected 244 gold pieces.

Inventory:

Hand Weapons
 a - a +0 mace (weapon)
Missiles
 o - 5 javelins (quivered)
 s - a throwing net
 v - 8 tomahawks
Armour
 b - a +0 animal skin
 i - a +0 cloak (worn)
 q - a +2 robe of the Archmagi (worn)
 z - a +1 animal skin
Jewellery
 w - a +5 ring of intelligence (left claw)
 y - an amulet of warding (around neck)
Wands
 p - a wand of confusion (46)
Scrolls
 e - 3 scrolls of blinking {unknown}
 f - a scroll of recharging
 j - 2 scrolls of amnesia
 l - a scroll of magic mapping
 m - 2 scrolls of fear
Potions
 n - a potion of cancellation
Books
 d - a book of Debilitation

   Spells                             Type                      Level
   a - Corona                         Hexes                        1
   b - Slow                           Hexes                        2
   c - Gell's Gravitas                Hexes/Translocation          3
   d - Inner Flame                    Hexes/Fire                   3
   e - Cause Fear                     Hexes                        4
   f - Leda's Liquefaction            Hexes/Earth                  4
   Trog disapproves of the use of such an item.
Comestibles
 c - 3 bread rations
 u - a beef jerky
 x - 3 fruits


   Skills:
 + Level 4.0 Fighting
 * Level 5.5 Maces & Flails
 + Level 3.9 Dodging


You had 6 spell levels left.
You didn't know any spells.

Dungeon Overview and Level Annotations

Branches:
Dungeon (5/15)
 Temple: D:4-7

Altars:
Ashenzari
Gozag


Innate Abilities, Weirdness & Mutations

You are too large for most types of armour.
You have claws for hands.
Your metabolism is lightning-fast.
You like to eat raw meat.
You heal very quickly.
You are covered in fur (AC +1).
You have very tough skin (AC +2).


Message History

The orc priest is lightly wounded.
The orc priest hits you with a mace.
* * * LOW HITPOINT WARNING * * *
Drink which item? (? for menu, Esc to quit)
You feel better. The orc hits you but does no damage.
The orc priest barely misses you.
You hit the orc priest but do no damage.
The orc priest is lightly wounded.
The orc hits you with a club.
* * * LOW HITPOINT WARNING * * *
The orc priest hits you but does no damage.
The orc barely misses you. The orc priest hits you with a mace!
* * * LOW HITPOINT WARNING * * *
Drink which item? (? for menu, Esc to quit)
It was a potion of might.
You feel very mighty all of a sudden. The orc closely misses you.
The orc priest invokes the aid of Beogh against you.
Something smites you!
You die...

####............
#######.............
....................
######o#.....#.#..#
###.###.....<...
#.##...# #...$.....
#.?....###........
###......#........
....#..##)o@.......
.##.... #.#o.......
...... #.#........
#..... ..######..#
....##...>. .. ....
#..#.. # ##.##. #.
#.


You could see an orc priest and an orc.

Vanquished Creatures
  An ice beast (D:5)
  A crimson imp (D:5)
  A jelly (D:5)
  A giant frog skeleton (D:5)
  A hound (D:4)
  Jessica (D:2)
  An orc wizard (D:5)
  2 worker ants (D:5)
  A killer bee zombie (D:5)
  A hound skeleton (D:5)
  Robin (D:3)
  A gnoll (D:3)
  11 adders
  A shadow imp (D:5)
  An ooze (D:3)
  An adder zombie (D:3)
  3 worms
  2 giant geckos
  5 orcs (D:5)
  6 giant cockroaches
  13 goblins
  10 hobgoblins
  3 kobolds
  A quokka (D:3)
  3 ball pythons
  3 bats
  A giant cockroach zombie (D:5)
  3 giant newts (D:2)
  A quokka skeleton (D:4)
  7 rats
88 creatures vanquished.

Notes
Turn   | Place    | Note
--------------------------------------------------------------
     0 | D:1      | HandofTrog the Troll Berserker began the quest for the Orb.
     0 | D:1      | Reached XP level 1. HP: 22/22 MP: 0/0
   663 | D:2      | Reached skill level 3 in Maces & Flails
   663 | D:2      | Reached XP level 2. HP: 15/29 MP: 1/1
   802 | D:2      | Noticed Jessica
   830 | D:2      | Killed Jessica
   830 | D:2      | Reached XP level 3. HP: 36/36 MP: 2/2
  1273 | D:2      | Reached XP level 4. HP: 19/44 MP: 3/3
  1397 | D:2      | Reached ** piety under Trog
  2404 | D:3      | Noticed Robin
  2418 | D:3      | Reached XP level 5. HP: 50/53 MP: 4/4
  2422 | D:3      | Reached skill level 4 in Maces & Flails
  2445 | D:3      | Killed Robin
  2503 | D:3      | Reached *** piety under Trog
  2587 | D:3      | Found a faded altar to an unknown god.
  2988 | D:4      | Found an opulent altar of Gozag.
  3173 | D:5      | Entered Level 5 of the Dungeon
  3206 | D:5      | Found a shattered altar of Ashenzari.
  3262 | D:5      | Reached XP level 6. HP: 44/61 MP: 5/5
  3553 | D:5      | Reached skill level 5 in Maces & Flails
  3652 | D:5      | Noticed an ice beast
  3668 | D:5      | Killed an ice beast
  3668 | D:5      | Reached XP level 7. HP: 50/70 MP: 6/6
  3677 | D:5      | HP: 2/70 [orc priest/divine providence (8)]
  3682 | D:5      | Killed from afar by an orc priest

Action                   |  1- 3 |  4- 6 |  7- 9 || total
-------------------------+-------+-------+-------++-------
Melee: Mace              |    81 |   270 |     8 ||   359
Throw: Javelin           |     5 |       |       ||     5
Invok: Berserk           |       |     2 |       ||     2
  Use: Scroll            |       |    11 |       ||    11
       Potion            |       |     1 |     4 ||     5
  Eat: Chunk             |     5 |    25 |       ||    30
       Bread ration      |     1 |       |       ||     1
